 Dungeon Crawl Stone Soup version 0.28-a0-422-gd71735cc25 (webtiles) character file.

Game seed: 17776696776451591593

16372 robertstho the Thaumaturge (level 12, -20/77 HPs)
             Began as a Djinni Fire Elementalist on Sept 8, 2021.
             Was an Initiate of Gozag.
             Demolished by a skeletal warrior (29 damage)
             ... led by a skeletal warrior
             ... on level 14 of the Dungeon.
             The game lasted 00:22:50 (12682 turns).

robertstho the Thaumaturge (DjFE)                  Turns: 12682, Time: 00:22:51

Health: -20/77     AC:  3    Str:  7    XL:     12   Next: 69%
Gold:   906        EV: 14    Int: 23    God:    Gozag SH:  0 Dex: 16

rFire   + + .      SeeInvis +   E - +8 longbow "Zephyr" {speed, Dex+3 SInv}
rCold   x . .      Faith    .   (shield currently unavailable)
rNeg    . . .      Spirit   .   a - +0 robe
rPois   ∞          Reflect  .   q - +0 helmet
rElec   .          Harm     .   A - scarf {repulsion}
rCorr   +          Rampage  .   (no gloves)
Will    +....      Rnd*Rage +   (boots unavailable)
Stlth   ++........              r - amulet of regeneration
HPRegen 1.22/turn               F - ring of resist corrosion
MPRegen 0.00/turn               (no ring)

@: gold aura, flying, repel missiles
A: sickness immunity, fire resistance 2, cold vulnerability 1, float, innate
caster, hp casting, extra vitality 1, berserk 1, frail 1, mutation resistance 1
a: Renounce Religion, Potion Petition, Call Merchant, Bribe Branch


You were on level 14 of the Dungeon.
You worshipped Gozag.
Gozag was pleased with you.
You visited 2 branches of the dungeon, and saw 15 of its levels.

You collected 1064 gold pieces.
You paid 158 gold pieces to Gozag.

Inventory:

Hand Weapons
 b - a +2 dagger of electrocution
 w - a +0 great sword of draining
 E - the +8 longbow "Zephyr" (weapon) {speed, Dex+3 SInv}
   (You found it on level 9 of the Dungeon)

   Attacks with this weapon are significantly faster.
   Dex:       It affects your dexterity (+3).
   SInv:      It lets you see invisible.
 G - the +4 broad axe "Zyvocrec" {drain, rElec}
   (You found it on level 9 of the Dungeon)

   A truly terrible weapon, it drains the life of any living foe it strikes.
   rElec:     It insulates you from electricity.
Missiles
 p - 5 throwing nets
 H - 67 arrows (quivered ammo)
Armour
 a - a +0 robe (worn)
 q - a +0 helmet (worn)
 A - a scarf of repulsion (worn)
Jewellery
 r - an amulet of regeneration (around neck)
 F - a ring of resist corrosion (left hand)
Wands
 g - a wand of iceblast (6)
 o - a wand of paralysis (6)
 z - a wand of mindburst (9)
 J - a wand of flame (25)
Scrolls
 c - 3 scrolls of enchant weapon {unknown}
 f - 2 scrolls of magic mapping
 j - a scroll of fear {unknown}
 l - 2 scrolls of immolation
 m - a scroll of holy word {unknown}
 n - 3 scrolls of fog {unknown}
 u - a scroll of summoning {unknown}
 x - a scroll of enchant armour {unknown}
 y - a scroll of torment {unknown}
 B - a scroll of noise {unknown}
 C - 2 scrolls of identify
 D - a scroll of vulnerability {unknown}
 K - a scroll of blinking
Potions
 e - 3 potions of attraction
 k - a potion of magic {unknown}
 s - a potion of heal wounds {unknown}
 t - 3 potions of flight {unknown}
 v - 2 potions of might
 I - 3 potions of cancellation {unknown}
 L - 2 potions of curing {unknown}


   Skills:
 * Level 7.8 Fighting
 + Level 6.4 Bows
 + Level 4.1 Dodging
 + Level 3.1 Stealth
 * Level 12.3 Spellcasting
 + Level 1.0 Evocations


You had 9 spell levels left.
You knew the following spells:

 Your Spells              Type           Power      Damage    Failure   Level
a - Foxfire               Conj/Fire      100%       2x1d9     1%          1
b - Scorch                Fire           100%       2d10      1%          2
c - Conjure Flame         Conj/Fire      63%        6-21      1%          3
d - Inner Flame           Hex/Fire       63%        N/A       1%          3
e - Flame Wave            Conj/Fire      63%        3d11      1%          4
f - Freeze                Ice            100%       1d11      1%          1
g - Wereblood             Tmut           63%        N/A       1%          2
h - Dazzling Flash        Conj/Hex       100%       N/A       1%          3
i - Stone Arrow           Conj/Erth      100%       3d13      1%          3
j - Petrify               Tmut/Erth      63%        N/A       1%          4
Your spell library was empty.

Dungeon Overview and Level Annotations

Branches:
Dungeon (15/15)            Temple (1/1) D:7            Lair (0/6) D:11
    Orc (0/2) D:11
 Vaults: D:13-14     Depths: D:15

Altars:
Ashenzari
Cheibriados
Dithmenos
Elyvilon
Fedhas
Gozag
Hepliaklqana
Kikubaaqudgha
Makhleb
Nemelex Xobeh
Okawaru
Qazlal
Ru
Sif Muna
Trog
Uskayaw
Vehumet
Wu Jian
Xom
Yredelemnul
Zin
The Shining One

Annotations:
D:10 Urug


Innate Abilities, Weirdness & Mutations

You are immune to sickness and miasma.
You are immune to poison.
Your flesh is very heat resistant. (rF++)
You are vulnerable to cold. (rC-)
You float through the air rather than walking.
You learn spells naturally, not from books.
Your magical power is your life essence.
You have superior vitality. (+4 HP)
You tend to lose your temper in combat.
You are frail. (-10% HP)
You are somewhat resistant to further mutation.


Message History

The centaur warrior unwields a +0 shortbow.
The centaur warrior closely misses you.
The centaur warrior kicks you but does no damage.
You see here an arrow.
Casting: Flame Wave (safe; 1% risk of failure)
Confirm with . or Enter, or press ? or * to list all spells.
Casting: Flame Wave (safe; 1% risk of failure)
Press: ? - help, Dir - look around, f - activate A wave of flame ripples out!
The flame wave engulfs the skeletal warrior!
The skeletal warrior is lightly damaged.
The flame wave engulfs the centaur warrior!!
The centaur warrior is moderately wounded. (Press . to intensify the flame waves.)
The centaur warrior misses you. The centaur warrior kicks you.
A skeletal warrior comes into view. It is wielding a +0 scimitar.
The skeletal warrior hits you with a +0 hand axe!
A wave of flame ripples out!
The flame wave engulfs the skeletal warrior!
The skeletal warrior is heavily damaged.
The flame wave engulfs the centaur warrior!!
The centaur warrior is severely wounded.
The flame wave engulfs the skeletal warrior!!
The skeletal warrior is moderately damaged.
The centaur warrior hits you! The centaur warrior kicks you.
The centaur warrior hits you! The centaur warrior kicks you.
The skeletal warrior hits you with a +0 hand axe!!
* * * LOW HITPOINT WARNING * * *
A wave of flame ripples out!
The flame wave engulfs the skeletal warrior!
The skeletal warrior is heavily damaged.
The flame wave engulfs the centaur warrior!
You kill the centaur warrior!
The flame wave engulfs the skeletal warrior!
The skeletal warrior is heavily damaged.
* * * LOW HITPOINT WARNING * * *
You finish channelling waves of flame.
The skeletal warrior hits you with a +0 battleaxe!!
You die...
Your body crumbles into a pile of gold.

$ ## .# #. . #. '#
#### #. .(#
...###.###.# ...#
..... #..# #$(#
#..###@z####.
#..#.(.z.z...#
#.####..#$#..######
#............#
######..#.#.##
#..#.#.# #....#..
#....#.##
#.######....#.#


You could see 3 skeletal warriors.

Vanquished Creatures
  A centaur warrior (D:14)
  3 two-headed ogres
  Pikel (D:8)
  4 lindwurms (D:9)
  2 oklob plants (D:11)
  A deep elf pyromancer (D:14)
  3 ugly things (D:14)
  2 manticores
  A cyclops (D:11)
  Joseph (D:10)
  An unseen horror (D:12)
  A freezing wraith (D:14)
  2 trolls (D:11)
  2 wraiths
  A shadow (D:11)
  2 wyverns
  7 yaks (D:9)
  2 acid dragons
  5 orc warriors
  5 ice beasts
  A necrophage (D:5)
  2 boggarts (D:14)
  2 ogres
  A phantom (D:7)
  5 centaurs
  A lemure (D:8)
  4 kobold brigands
  A gnoll sergeant (D:6)
  2 scorpions (D:6)
  2 water moccasin skeletons (D:5)
  12 killer bees
  12 wights
  A vampire bat (D:5)
  5 howler monkeys
  2 electric eels (D:11)
  4 centaur zombies
  A bullfrog zombie (D:6)
  9 orc priests
  3 gnoll shamans
  2 hounds
  A jelly (D:8)
  Ijyb (D:5)
  4 iguanas
  6 orc wizards
  A hound zombie (D:5)
  A howler monkey zombie (D:5)
  20 gnolls
  A howler monkey skeleton (D:7)
  11 adders
  3 white imps
  An adder skeleton (D:2)
  3 worms
  A dart slug (D:2)
  3 fire bats (D:5)
  32 orcs
  2 spectral bats (D:5)
  13 bats
  3 bat skeletons (D:5)
  A bat zombie (D:5)
  5 endoplasms
  2 giant cockroaches
  8 goblins
  4 hobgoblins
  4 jackals (D:3)
  5 quokkas
  4 ball pythons
  A bat simulacrum (D:5)
  26 kobolds
  6 rats
  A spectral orc (D:8)
293 creatures vanquished.

Vanquished Creatures (collateral kills)
  8 foxfires (D:6)
8 creatures vanquished.

Vanquished Creatures (others)
  A wizard (D:14)
  A boggart (D:14)
  721 foxfires
  12 fungi
  3 plants (D:11)
738 creatures vanquished.

Grand Total: 1039 creatures vanquished

Notes
Turn   | Place    | Note
-------+----------+-------------------------------------------
     0 | D:1      | robertstho the Djinni Fire Elementalist began the quest for
                  | the Orb.
     0 | D:1      | Reached XP level 1. HP: 15/15 MP: 0/0
   318 | D:1      | Reached XP level 2. HP: 14/22 MP: 0/0
   587 | D:1      | Found a faded altar of an unknown god.
   976 | D:1      | Reached skill level 3 in Spellcasting
   976 | D:1      | Reached XP level 3. HP: 23/26 MP: 0/0
   976 | D:1      | Learned a level 1 spell: Freeze
  1926 | D:2      | Reached XP level 4. HP: 29/31 MP: 0/0
  2372 | D:3      | Reached XP level 5. HP: 22/36 MP: 0/0
  2372 | D:3      | Learned a level 2 spell: Wereblood
  2474 | D:3      | Reached skill level 1 in Fighting
  2480 | D:3      | Reached skill level 4 in Spellcasting
  2941 | D:3      | Reached XP level 6. HP: 26/42 MP: 0/0
  4064 | D:4      | Found a hazy altar of Hepliaklqana.
  4382 | D:4      | Reached skill level 5 in Spellcasting
  5216 | D:5      | Entered Level 5 of the Dungeon
  5272 | D:5      | Noticed an ogre
  5276 | D:5      | Killed an ogre
  5277 | D:5      | Reached XP level 7. HP: 43/47 MP: 0/0
  5277 | D:5      | Learned a level 3 spell: Dazzling Flash
  5402 | D:5      | Noticed Ijyb
  5409 | D:5      | Paralysed by Ijyb for 7 turns
  5410 | D:5      | Killed Ijyb
  5575 | D:5      | Reached skill level 6 in Spellcasting
  5833 | D:5      | Reached XP level 8. HP: 50/54 MP: 0/0
  6505 | D:6      | Found a basalt altar of Yredelemnul.
  6547 | D:6      | Reached skill level 7 in Spellcasting
  6596 | D:6      | HP: 2/55 [gnoll (11)]
  6873 | D:6      | Reached XP level 9. HP: 60/60 MP: 0/0
  6873 | D:6      | Learned a level 3 spell: Stone Arrow
  6897 | D:6      | Reached skill level 8 in Spellcasting
  7523 | D:7      | Found a glowing silver altar of Zin.
  7533 | D:7      | Found a staircase to the Ecumenical Temple.
  7563 | Temple   | Entered the Ecumenical Temple
  7815 | D:7      | Reached skill level 9 in Spellcasting
  8129 | D:7      | Noticed an angel
  8132 | D:7      | Found a shimmering altar of Xom.
  8796 | D:8      | Noticed Pikel
  8803 | D:8      | Killed Pikel
  8804 | D:8      | Reached XP level 10. HP: 59/67 MP: 0/0
  8818 | D:8      | Reached skill level 10 in Spellcasting
  8818 | D:8      | Noticed a boulder beetle
  9087 | D:8      | Found a basalt altar of Yredelemnul.
  9610 | D:9      | Noticed a lindwurm
  9611 | D:9      | Noticed a lindwurm
  9662 | D:9      | Noticed a lindwurm
  9666 | D:9      | Noticed a lindwurm
  9669 | D:9      | Killed a lindwurm
  9670 | D:9      | Reached skill level 5 in Fighting
  9670 | D:9      | Reached skill level 11 in Spellcasting
  9672 | D:9      | Killed a lindwurm
  9673 | D:9      | Reached XP level 11. HP: 36/76 MP: 0/0
  9673 | D:9      | Learned a level 4 spell: Petrify
  9673 | D:9      | Found the +8 longbow "Zephyr" {speed, Dex+3 SInv}
  9710 | D:9      | Killed a lindwurm
  9711 | D:9      | Reached skill level 1 in Evocations
  9711 | D:9      | Killed a lindwurm
  9752 | D:9      | Identified the +4 broad axe "Zyvocrec" {drain, rElec}
 10249 | D:9      | Reached skill level 1 in Bows
 10295 | D:9      | Found an opulent altar of Gozag.
 10421 | D:9      | Became a worshipper of Gozag Ym Sagoz the Greedy
 10653 | D:10     | Entered Level 10 of the Dungeon
 10775 | D:10     | Noticed a two-headed ogre
 10782 | D:10     | Killed a two-headed ogre
 10783 | D:10     | Reached skill level 12 in Spellcasting
 10851 | D:10     | Noticed Joseph
 10865 | D:10     | Killed Joseph
 11029 | D:10     | Noticed Urug
 11035 | D:10     | Gained mutation: You tend to lose your temper in combat.
                  | [potion of mutation]
 11035 | D:10     | Gained mutation: You are frail. (-10% HP) [potion of
                  | mutation]
 11035 | D:10     | Gained mutation: You are somewhat resistant to further
                  | mutation. [potion of mutation]
 11434 | D:11     | Noticed a cyclops
 11440 | D:11     | Killed a cyclops
 11463 | D:11     | Noticed an oklob plant
 11463 | D:11     | Noticed an oklob plant
 11573 | D:11     | Found a staircase to the Lair.
 11628 | D:11     | Killed an oklob plant
 11634 | D:11     | Killed an oklob plant
 11689 | D:11     | Found a staircase to the Orcish Mines.
 11712 | D:11     | Reached XP level 12. HP: 74/75 MP: 0/0
 12287 | D:12     | Noticed a two-headed ogre
 12294 | D:12     | Killed a two-headed ogre
 12413 | D:12     | Reached skill level 5 in Bows
 12459 | D:12     | You are sucked into a shaft and drop 3 floors!
 12459 | D:15     | Entered Level 15 of the Dungeon
 12482 | D:15     | Found a stormy altar of Qazlal.
 12511 | D:15     | Noticed a skeletal warrior
 12586 | D:14     | Noticed a centaur warrior
 12590 | D:14     | Noticed a tengu warrior
 12637 | D:14     | Noticed a two-headed ogre
 12642 | D:14     | Killed a two-headed ogre
 12674 | D:14     | Noticed a centaur warrior
 12677 | D:14     | Noticed a skeletal warrior
 12678 | D:14     | Noticed a skeletal warrior
 12680 | D:14     | Noticed a skeletal warrior
 12682 | D:14     | Killed a centaur warrior
 12682 | D:14     | Demolished by a skeletal warrior

Illustrated notes

Levels and vault maps discovered:
D:1:      minmay_arrival_jagged, layout_basic, ebering_ecumenical_altar_box,
          minmay_tetromino_t2
D:2:      layout_loops_cross, kennysheep_generic_room_8
D:3:      layout_basic
D:4:      layout_gridville, grunt_temple_overflow_open
D:5:      layout_rooms, goddamned_bats, uniq_ijyb
D:6:      layout_cave_pools, serial_park, serial_park_tiny_2, serial_park_paths
          [serial_park_minivault_5x5_4], serial_park_square1
          [serial_park_minivault_5x5_7], serial_park_square3
          [serial_park_minivault_5x5_6], serial_park_tiny_1,
          minmay_misc_feat_alley
D:7:      layout_basic, grunt_temple_overflow_order_and_chaos_1,
          minmay_temple_entry_ruins
D:8:      lemuel_ice_spiral_2, layout_basic,
          yredelemnul_forgotten_temple_becter, uniq_pikel
D:9:      layout_irregular_city, grunt_gozag_breadcrumbs,
          ebering_dispersal_statue_hall, minmay_lindwurm_lava
D:10:     layout_loops_ring, uniq_urug, uniq_joseph
D:11:     layout_irregular_city, dpeg_oklobed_lair, orc_0_dummy,
          water_boxes_lemuel
D:12:     layout_basic, minmay_nine_imps, uniq_psyche
D:14:     layout_loops_ring, serial_shops, nicolae_stop_n_shop_2,
          infiniplex_staircase_pillars_3a, kennysheep_generic_room_14,
          uniq_roxanne
D:15:     gammafunk_depths_entry_grave, layout_irregular_city,
          fedhas_altar_fruit_tree, drop_trap, nicolae_qazlal_eye_of_the_storm
Temple:   eino_temple_rhombus

Skill      XL: |  1  2  3  4  5  6  7  8  9 10 11 12 |
---------------+-------------------------------------+-----
Spellcasting   | 3 4 5 6 7 9 11 12 | 12.3
Fighting       | 1 2 3 5 6 7 |  7.8
Stealth        | 2 3 |  3.1
Dodging        | 3 4 |  4.1
Evocations     | 1 |  1.0
Bows           | 4 6 |  6.4

Action                   |  1- 3 |  4- 6 |  7- 9 | 10-12 || total
-------------------------+-------+-------+-------+-------++-------
Melee: Dagger            |       |     2 |     5 |       ||     7
       Broad axe         |       |       |       |    13 ||    13
 Fire: Longbow           |       |       |       |   217 ||   217
 Cast: Foxfire           |    80 |   145 |   176 |    52 ||   453
       Scorch            |       |     8 |    49 |    17 ||    74
       Freeze            |       |       |     3 |       ||     3
       Flame Wave        |       |       |    15 |    42 ||    57
       Stone Arrow       |       |       |       |    16 ||    16
Evoke: Wand              |       |       |       |     1 ||     1
  Use: Scroll            |       |     5 |     1 |     3 ||     9
       Potion            |       |       |       |     5 ||     5
Armor: Robe              |     3 |     1 |     9 |     7 ||    20
Dodge: Dodged            |     3 |    26 |    29 |    74 ||   132
       Repelled          |       |       |       |    12 ||    12

Table legend: (Time is in decaauts)
 A = Elapsed time spent in this place.
 B = Non-inter-level travel time spent in this place.
 C = Inter-level travel time spent in this place.
 D = Time resting spent in this place.
 E = Time spent auto-exploring this place.
 F = Levels seen in this place.
 G = Mean time per level.
                   A        B        C        D        E       F      G
               +--------+--------+--------+--------+--------+-----+--------+
         Total |  12681 |  12225 |    456 |    806 |   9460 |  15 |  845.4 |
       Dungeon |  12403 |  11967 |    436 |    732 |   9299 |  14 |  885.9 |
        Temple |    277 |    257 |     20 |     74 |    161 |   1 |  277.0 |
               +--------+--------+--------+--------+--------+-----+--------+

Top non-repeatable levels by time:
     D:3: 1651 daAuts
     D:5: 1444 daAuts
     D:1: 1345 daAuts
     D:4: 1209 daAuts
     D:9: 1050 daAuts
     D:7: 1046 daAuts
     D:2: 1009 daAuts
     D:8: 913 daAuts
    D:11: 905 daAuts
     D:6: 715 daAuts
    D:10: 704 daAuts
  Temple: 277 daAuts
    D:12: 186 daAuts
    D:14: 167 daAuts
    D:15: 53 daAuts
